| TOP OF THE 1ST |
|
San Jose Bees batting - Pitching for Stockton Ports : RHP Jim Dorsey
|
|
Pitching: RHP Jim Dorsey
|
|
|
Batting: RHB Anthony Laurenzi
|
0-0: Ball 1-0: Foul Ball, location: 2F 1-1: Called Strike 1-2: Strikes out looking
|
|
Batting: RHB Ron MacDonald
|
0-0: Ball 1-0: Called Strike 1-1: Ground out 4-3 (Groundball, 34, EV 92.5 MPH)
|
|
Batting: LHB Stanley Davis
|
0-0: Called Strike 0-1: Fly out, F9 (Flyball, 9S, EV 88.1 MPH)
|
| Top of the 1st over - 0 runs, 0 hits, 0 errors, 0 left on base; San Jose 0 - Stockton 0 |
| BOTTOM OF THE 1ST |
|
Stockton Ports batting - Pitching for San Jose Bees : LHP Richard Spanton
|
|
Pitching: LHP Richard Spanton
|
|
|
Batting: RHB Ramon Valdez
|
0-0: Called Strike 0-1: Foul Ball, location: 2F 0-2: Ball 1-2: Ball 2-2: Ground out 6-3 (Groundball, 6MS, EV 85.6 MPH)
|
|
Batting: RHB Timothy Presko
|
0-0: Fly out, F7 (Flyball, 7LD, EV 95.6 MPH)
|
|
Batting: RHB Pasquale Raimondo
|
0-0: Ball 1-0: Fly out, F9 (Flyball, 89M, EV 88.1 MPH)
|
| Bottom of the 1st over - 0 runs, 0 hits, 0 errors, 0 left on base; San Jose 0 - Stockton 0 |
| TOP OF THE 2ND |
|
San Jose Bees batting - Pitching for Stockton Ports : RHP Jim Dorsey
|
|
Batting: RHB Ricky McMullen
|
0-0: Called Strike 0-1: Foul Ball, location: 2F 0-2: Ball 1-2: Foul Ball, location: 2F 1-2: Ball 2-2: Strikes out swinging
|
|
Batting: RHB Michael Parker
|
0-0: Called Strike 0-1: Ball 1-1: Swinging Strike 1-2: Ball 2-2: Ground out 4-3 (Groundball, 4MD, EV 96.9 MPH)
|
|
Batting: RHB Timothy Wallace
|
0-0: Ball 1-0: Foul Ball, location: 2F 1-1: Ball 2-1: Called Strike 2-2: Foul Ball, location: 2F 2-2: Fly out, F8 (Flyball, 8LD, EV 96.3 MPH)
|
| Top of the 2nd over - 0 runs, 0 hits, 0 errors, 0 left on base; San Jose 0 - Stockton 0 |
| BOTTOM OF THE 2ND |
|
Stockton Ports batting - Pitching for San Jose Bees : LHP Richard Spanton
|
|
Batting: SHB Tracy Edwards
|
0-0: Ground out U3 (Groundball, 34, EV 103.1 MPH)
|
|
Batting: LHB Christopher O'Brien
|
0-0: Ball 1-0: Ball 2-0: Called Strike 2-1: Fly out, F9 (Flyball, 9LS, EV 89.4 MPH)
|
|
Batting: RHB Mark Jurena
|
0-0: Ball 1-0: Ball 2-0: Ball 3-0: Base on Balls
|
|
Batting: SHB Jose Mercado
|
0-0: Ball 1-0: Foul Ball, location: 2F 1-1: Foul Ball, location: 2F 1-2: Strikes out swinging
|
| Bottom of the 2nd over - 0 runs, 0 hits, 0 errors, 1 left on base; San Jose 0 - Stockton 0 |
| TOP OF THE 3RD |
|
San Jose Bees batting - Pitching for Stockton Ports : RHP Jim Dorsey
|
|
Batting: LHB Dale Weaver
|
0-0: Ball 1-0: Ball 2-0: Ball 3-0: Called Strike 3-1: Base on Balls
|
|
Batting: RHB David Hoyt
|
0-0: Ball 1-0: Fly out, F9 (Flyball, 9S, EV 78.1 MPH)
|
|
Batting: RHB Bill Pinkham
|
0-0: Called Strike Dale Weaver steals 2nd base 0-1: Ball 1-1: Fly out, F3 (Line Drive, 3, EV 60.6 MPH)
|
|
Batting: RHB Anthony Laurenzi
|
0-0: Called Strike 0-1: Foul Ball, location: 2F 0-2: Strikes out swinging
|
| Top of the 3rd over - 0 runs, 0 hits, 0 errors, 1 left on base; San Jose 0 - Stockton 0 |
| BOTTOM OF THE 3RD |
|
Stockton Ports batting - Pitching for San Jose Bees : LHP Richard Spanton
|
|
Batting: RHB Chris Sabo
|
0-0: Fly out, F7 (Flyball, 7S, EV 77.5 MPH)
|
|
Batting: SHB Mike Hennessy
|
0-0: Ball 1-0: Ball 2-0: Fly out, F6 (Flyball, 6MD, EV 89.4 MPH)
|
|
Batting: RHB Ramon Valdez
|
0-0: Ball 1-0: Swinging Strike 1-1: Foul Ball, location: 2F 1-2: Strikes out swinging
|
| Bottom of the 3rd over - 0 runs, 0 hits, 0 errors, 0 left on base; San Jose 0 - Stockton 0 |
| TOP OF THE 4TH |
|
San Jose Bees batting - Pitching for Stockton Ports : RHP Jim Dorsey
|
|
Batting: RHB Ron MacDonald
|
0-0: Ball 1-0: Called Strike 1-1: Fly out, F3 (Line Drive, 3, EV 66.9 MPH)
|
|
Batting: LHB Stanley Davis
|
0-0: Ball 1-0: Ball 2-0: Reached on error, E6 (Groundball, 6, EV 103.1 MPH)
|
|
Batting: RHB Ricky McMullen
|
0-0: Called Strike 0-1: Ball 1-1: Called Strike 1-2: Strikes out swinging
|
|
Batting: RHB Michael Parker
|
0-0: Ball 1-0: Called Strike 1-1: Foul Ball, location: 2F 1-2: Fly out, F8 (Line Drive, 8RM, EV 93.1 MPH)
|
| Top of the 4th over - 0 runs, 0 hits, 1 error, 1 left on base; San Jose 0 - Stockton 0 |
| BOTTOM OF THE 4TH |
|
Stockton Ports batting - Pitching for San Jose Bees : LHP Richard Spanton
|
|
Batting: RHB Timothy Presko
|
0-0: Called Strike 0-1: Foul Ball, location: 2F 0-2: Fly out, F9 (Flyball, 89D, EV 102.5 MPH)
|
|
Batting: RHB Pasquale Raimondo
|
0-0: Swinging Strike 0-1: Swinging Strike 0-2: Ball 1-2: Fly out, F9 (Flyball, 9LS, EV 80.6 MPH)
|
|
Batting: SHB Tracy Edwards
|
0-0: Fly out, F8 (Flyball, 8RM, EV 88.8 MPH)
|
| Bottom of the 4th over - 0 runs, 0 hits, 0 errors, 0 left on base; San Jose 0 - Stockton 0 |
| TOP OF THE 5TH |
|
San Jose Bees batting - Pitching for Stockton Ports : RHP Jim Dorsey
|
|
Batting: RHB Timothy Wallace
|
0-0: Called Strike 0-1: SINGLE (Flyball, 8RS, EV 90.6 MPH)
|
|
Batting: LHB Dale Weaver
|
0-0: Called Strike 0-1: Ball 1-1: Foul Ball, location: 2F 1-2: Ball 2-2: Grounds into double play, 5-4-3 (Groundball, 25, EV 90.0 MPH)
|
|
Batting: RHB David Hoyt
|
0-0: Ball 1-0: Ball 2-0: Swinging Strike 2-1: Ground out 6-3 (Groundball, 6, EV 103.1 MPH)
|
| Top of the 5th over - 0 runs, 1 hit, 0 errors, 0 left on base; San Jose 0 - Stockton 0 |
| BOTTOM OF THE 5TH |
|
Stockton Ports batting - Pitching for San Jose Bees : LHP Richard Spanton
|
|
Batting: LHB Christopher O'Brien
|
0-0: Ball 1-0: Swinging Strike 1-1: Ball 2-1: Fly out, F8 (Flyball, 8RS, EV 91.9 MPH)
|
|
Batting: RHB Mark Jurena
|
0-0: Called Strike 0-1: SINGLE (Groundball, 5, EV 108.8 MPH)
|
|
Batting: SHB Jose Mercado
|
0-0: Ball 1-0: SINGLE (Flyball, 3D, EV 93.1 MPH) Mark Jurena to second
|
|
Batting: RHB Chris Sabo
|
0-0: Called Strike 0-1: Ball 1-1: Called Strike 1-2: Fly out, F8 (Flyball, 89XD, EV 99.4 MPH) Runner from 2nd tags up, SAFE at 3rd, no throw by CF
|
|
Batting: SHB Mike Hennessy
|
0-0: Called Strike 0-1: Foul Ball, location: 2F 0-2: Ball 1-2: Ball 2-2: Foul Ball, location: 2F 2-2: Foul Ball, location: 2F 2-2: Ball 3-2: Base on Balls Jose Mercado to second
|
|
Batting: RHB Ramon Valdez
|
0-0: Called Strike 0-1: Ball 1-1: Ball 2-1: Fly out, F7 (Flyball, 7, EV 84.4 MPH)
|
| Bottom of the 5th over - 0 runs, 2 hits, 0 errors, 3 left on base; San Jose 0 - Stockton 0 |
| TOP OF THE 6TH |
|
San Jose Bees batting - Pitching for Stockton Ports : RHP Jim Dorsey
|
|
Batting: RHB Bill Pinkham
|
0-0: Called Strike 0-1: Fly out, F9 (Flyball, 89D, EV 81.3 MPH)
|
|
Batting: RHB Anthony Laurenzi
|
0-0: Called Strike 0-1: Ball 1-1: SINGLE (Groundball, 4MD, EV 95.0 MPH)
|
|
Batting: RHB Ron MacDonald
|
0-0: Foul Ball, location: 2F 0-1: Ball 1-1: Called Strike Anthony Laurenzi steals 2nd base 1-2: Ball 2-2: Reached on error, E5 (Groundball, 56, EV 86.3 MPH) Anthony Laurenzi to third
|
|
Batting: LHB Stanley Davis
|
0-0: Called Strike 0-1: SINGLE (Groundball, 3, EV 105.6 MPH) Anthony Laurenzi scores Ron MacDonald to second Runner from 2nd tries for 3rd, SAFE, throw by RF made to third
|
|
Batting: RHB Ricky McMullen
|
0-0: Ball 1-0: Called Strike 1-1: Fly out, F6 (Flyball, 56D, EV 82.5 MPH)
|
|
Batting: RHB Michael Parker
|
0-0: Ball 1-0: Ball 2-0: Called Strike 2-1: SINGLE (Groundball, 56D, EV 110.6 MPH) Ron MacDonald scores Stanley Davis to second
|
|
Batting: RHB Timothy Wallace
|
0-0: Fielders Choice at 2nd, 6-4 (Groundball, 6, EV 85.0 MPH)
|
| Top of the 6th over - 2 runs, 3 hits, 1 error, 2 left on base; San Jose 2 - Stockton 0 |
| BOTTOM OF THE 6TH |
|
Stockton Ports batting - Pitching for San Jose Bees : LHP Richard Spanton
|
|
Batting: RHB Timothy Presko
|
0-0: Ball 1-0: SINGLE (Flyball, 4D, EV 85.0 MPH)
|
|
Batting: RHB Pasquale Raimondo
|
0-0: SINGLE (Line Drive, 8LS, EV 91.9 MPH) Timothy Presko to second
|
|
Batting: SHB Tracy Edwards
|
0-0: Ball 1-0: Ball 2-0: Ball 3-0: Base on Balls Timothy Presko to third Pasquale Raimondo to second
|
|
Batting: LHB Christopher O'Brien
|
0-0: Ball 1-0: DOUBLE (Line Drive, 9LS, EV 95.0 MPH) Timothy Presko scores Pasquale Raimondo scores Tracy Edwards to third Runner from 3rd tries for Home, SAFE, throw by RF to trailing runner, SAFE at third!
|
|
Batting: RHB Mark Jurena
|
0-0: Ball 1-0: Ball 2-0: Ball 3-0: Base on Balls
|
|
Batting: SHB Jose Mercado
|
0-0: Called Strike 0-1: Ball 1-1: Foul Ball, location: 2F 1-2: Ball 2-2: Foul Ball, location: 2F 2-2: Foul Ball, location: 2F 2-2: Grounds into double play, 6-4-3 (Groundball, 6, EV 98.1 MPH) Christopher O'Brien scores
|
|
Batting: RHB Chris Sabo
|
0-0: Called Strike 0-1: Ball 1-1: Foul Ball, location: 2F 1-2: Ball 2-2: Foul Ball, location: 2F 2-2: Ground out 4-3 (Groundball, 4M, EV 80.6 MPH)
|
| Bottom of the 6th over - 4 runs, 3 hits, 0 errors, 0 left on base; San Jose 2 - Stockton 4 |
| TOP OF THE 7TH |
|
San Jose Bees batting - Pitching for Stockton Ports : RHP Jim Dorsey
|
|
Batting: LHB Dale Weaver
|
0-0: Called Strike 0-1: Swinging Strike 0-2: Strikes out swinging, 2-3 out at first.
|
|
Batting: RHB David Hoyt
|
0-0: Ball 1-0: Called Strike 1-1: Ball 2-1: Ball 3-1: SINGLE (Line Drive, 8LS, EV 100.0 MPH)
|
|
Batting: RHB Bill Pinkham
|
0-0: Called Strike 0-1: Ball 1-1: Fly out, F9 (Flyball, 89D, EV 100.6 MPH)
|
|
Batting: RHB Anthony Laurenzi
|
0-0: Ball 1-0: SINGLE (Groundball, 6MS, EV 69.4 MPH) (infield hit) David Hoyt to second
|
|
Pinch Hitting: RHB Ray Torres
|
0-0: Ball 1-0: Ball 2-0: Ball 3-0: Called Strike 3-1: Foul Ball, location: 2F 3-2: Base on Balls David Hoyt to third Anthony Laurenzi to second
|
|
Batting: LHB Stanley Davis
|
0-0: Ball 1-0: Swinging Strike 1-1: Foul Ball, location: 2F 1-2: Ball 2-2: Strikes out swinging
|
| Top of the 7th over - 0 runs, 2 hits, 0 errors, 3 left on base; San Jose 2 - Stockton 4 |
| BOTTOM OF THE 7TH |
|
Stockton Ports batting - Pitching for San Jose Bees : LHP Richard Spanton
|
|
Now at 3B: Rod Booker
|
|
|
Batting: SHB Mike Hennessy
|
0-0: Ball 1-0: Ground out 5-3 (Groundball, 5, EV 100.6 MPH)
|
|
Batting: RHB Ramon Valdez
|
0-0: SINGLE (Flyball, 78S, EV 83.1 MPH)
|
|
Batting: RHB Timothy Presko
|
0-0: DOUBLE (Flyball, 78D, EV 105.0 MPH) Ramon Valdez to third Runner from 3rd tries for Home, SAFE, throw by LF to home
|
|
Batting: RHB Pasquale Raimondo
|
0-0: Called Strike 0-1: Called Strike 0-2: Ball 1-2: Ball 2-2: Ball 3-2: Strikes out looking
|
|
Pitching: RHP Rick A Anderson
|
|
|
Batting: SHB Tracy Edwards
|
0-0: Foul Ball, location: 2F 0-1: Ground out 4-3 (Groundball, 4, EV 86.9 MPH)
|
| Bottom of the 7th over - 1 run, 2 hits, 0 errors, 1 left on base; San Jose 2 - Stockton 5 |
| TOP OF THE 8TH |
|
San Jose Bees batting - Pitching for Stockton Ports : RHP Jim Dorsey
|
|
Batting: RHB Ricky McMullen
|
0-0: Called Strike 0-1: Ball 1-1: Foul Ball, location: 2F 1-2: Ball 2-2: Ball 3-2: Fly out, F9 (Flyball, 9LM, EV 81.9 MPH)
|
|
Batting: RHB Michael Parker
|
0-0: Called Strike 0-1: Ground out 6-3 (Groundball, 56, EV 105.6 MPH)
|
|
Batting: RHB Timothy Wallace
|
0-0: Called Strike 0-1: Called Strike 0-2: Strikes out swinging
|
| Top of the 8th over - 0 runs, 0 hits, 0 errors, 0 left on base; San Jose 2 - Stockton 5 |
| BOTTOM OF THE 8TH |
|
Stockton Ports batting - Pitching for San Jose Bees : RHP Rick A Anderson
|
|
Batting: LHB Christopher O'Brien
|
0-0: Ball 1-0: Ball 2-0: Called Strike 2-1: Foul Ball, location: 2F 2-2: Ball 3-2: Ground out U3 (Groundball, 3, EV 88.1 MPH)
|
|
Batting: RHB Mark Jurena
|
0-0: Ball 1-0: Called Strike 1-1: Called Strike 1-2: Ball 2-2: Ball 3-2: Strikes out swinging
|
|
Batting: SHB Jose Mercado
|
0-0: Ball 1-0: Called Strike 1-1: Ground out 5-3 (Groundball, 56, EV 105.0 MPH)
|
| Bottom of the 8th over - 0 runs, 0 hits, 0 errors, 0 left on base; San Jose 2 - Stockton 5 |
| TOP OF THE 9TH |
|
San Jose Bees batting - Pitching for Stockton Ports : RHP Jim Dorsey
|
|
Now at 1B: Randy Guerra
|
|
|
Now in LF: Daniel Hoskins
|
|
|
Now in RF: Eddie Lee
|
|
|
Batting: LHB Dale Weaver
|
0-0: Ball 1-0: Called Strike 1-1: Foul Ball, location: 2F 1-2: Ball 2-2: Ball 3-2: Foul Ball, location: 2F 3-2: Ground out 6-3 (Groundball, 6S, EV 88.8 MPH)
|
|
Batting: RHB David Hoyt
|
0-0: Foul Ball, location: 2F 0-1: Ball 1-1: Fly out, F7 (Flyball, 7LS, EV 89.4 MPH)
|
|
Batting: RHB Bill Pinkham
|
0-0: Foul Ball, location: 2F 0-1: Called Strike 0-2: Foul Ball, location: 2F 0-2: Ball 1-2: Ball 2-2: Strikes out swinging
|
| Top of the 9th over - 0 runs, 0 hits, 0 errors, 0 left on base; San Jose 2 - Stockton 5 |
|